 Dungeon Sprint DCSS version 0.19.5 (webtiles) character file.

1279 Mesmaeker13 the Fighter (level 8, -8/153 HPs)
             Began as an Ogre Hunter on May 4, 2017.
             Was an Initiate of Trog.
             Mangled by a centaur warrior (12 damage)
             ... in the Dungeon (Sprint I: "Red Sonja").
             The game lasted 00:01:47 (489 turns).

Mesmaeker13 the Fighter (Ogre Hunter)                Turns: 489, Time: 00:01:48

Health: -8/153     AC:  3    Str: 25    XL:     8   Next: 54%
Magic:  8/8        EV: 14    Int: 10    God:    Trog [......]
Gold:   297        SH:  0    Dex: 10    Spells: 0 memorised, 7 levels left

rFire  . . .     SeeInvis .     d - +0 giant club
rCold  . . .     Gourm    .     b - +0 robe
rNeg   . . .     Faith    .     (shield currently unavailable)
rPois  .         Spirit   .     (helmet restricted)
rElec  .         Reflect  .     (no cloak)
rCorr  .         Harm     .     (gloves unavailable)
MR     .....     NoTele   +     (boots unavailable)
Stlth  ..........               (no amulet)
                                (no ring)
                                (no ring)

@: berserking (expiring), lethally poisoned (-8 -> -11), slowed
A: unfitting armour, tough skin 1
a: Burn Spellbooks, Renounce Religion


You were in the Dungeon.
You worshipped Trog.
Trog was noncommittal.
You were not hungry.

You visited 1 branch You collected 297 gold pieces.

Inventory:

Hand Weapons
 d - a +0 giant club (weapon)
Missiles
 c - 5 large rocks (quivered)
Armour
 b - a +0 robe (worn)
Wands
 l - a wand of lightning (5/15)
Scrolls
 k - a scroll of blinking
Potions
 e - a potion of curing
 h - a potion of haste
 i - 2 potions of magic
Comestibles
 a - a meat ration
 f - a bread ration


   Skills:
 + Level 13.5 Fighting
 + Level 11.7 Maces & Flails
 - Level 6.7 Throwing
 + Level 10.0 Dodging
 - Level 0.6 Stealth


You had 7 spell levels left.
You didn't know any spells.

Dungeon Overview and Level Annotations

Branches:
Dungeon (1/1)

Altars:
Cheibriados
Dithmenos
Elyvilon
Fedhas
Gozag
Hepliaklqana
Kikubaaqudgha
Makhleb
Nemelex Xobeh
Okawaru
Qazlal
Ru
Sif Muna
Trog
Uskayaw
Vehumet
Xom
Yredelemnul
Zin
The Shining One
Jiyva
Lugonu

Shops:
D %

Annotations:
D Sonja


Innate Abilities, Weirdness & Mutations

You are too large for most types of armour.
You have tough skin. (AC +1)


Message History

Sonja closely misses you. x2
Sonja hits you with an uncursed short sword of distortion.
* * * LOW HITPOINT WARNING * * *
The centaur warrior hits you.
* * * LOW HITPOINT WARNING * * *
You thump Sonja!
Sonja is almost dead.
You feel sick.
Sonja mumbles some strange words.
Sonja blinks!
The centaur warrior hits you.
* * * LOW HITPOINT WARNING * * *
Sonja casts a spell.
Sonja looks slightly unstable.
You are too berserk!
Unknown command.
You are too berserk!
You bludgeon the centaur warrior!!
The centaur warrior is heavily wounded.
You feel sick. The centaur warrior hits you!
You die...

###################
#<.#..'..#..'..#__#
#..)..#).').#.c@^.+
#..#####'#####§#__# #
#..####..#...#(####)§#
#..#__####..##.#§§c§c#
#..#_____##'#..§§≈§§
#⌠⌠#_.∩...'..._#c§c.c#
####_..__##_.#K##+####
#_____###'#.# #######
#.###


You could see a centaur warrior and Sonja.

Vanquished Creatures
  A centaur warrior (D)
  A slime creature (D)
  Sigmund (D)
  A yak (D)
  An ogre (D)
  A jelly (D)
  Ijyb (D)
7 creatures vanquished.

Notes
Turn   | Place    | Note
-------+----------+-------------------------------------------
     0 | D        | Mesmaeker13 the Ogre Hunter began the quest for the Orb.
     0 | D        | Reached XP level 1. HP: 22/22 MP: 1/1
     1 | D        | Noticed Ijyb
    10 | D        | Killed Ijyb
    10 | D        | Reached skill level 5 in Fighting
    10 | D        | Reached skill level 5 in Throwing
    10 | D        | Reached XP level 2. HP: 30/35 MP: 2/2
    10 | D        | Reached XP level 3. HP: 36/42 MP: 3/3
    54 | D        | Noticed an ogre
    57 | D        | Killed an ogre
    57 | D        | Reached skill level 7 in Fighting
    57 | D        | Reached skill level 5 in Dodging
    57 | D        | Reached XP level 4. HP: 55/55 MP: 4/4
    78 | D        | Noticed Sigmund
    86 | D        | Killed Sigmund
    86 | D        | Reached skill level 9 in Fighting
    86 | D        | Reached XP level 5. HP: 45/68 MP: 5/5
    86 | D        | Reached XP level 6. HP: 52/78 MP: 6/6
   207 | D        | Found a deep blue altar of Sif Muna.
   209 | D        | Found a radiant altar of Vehumet.
   212 | D        | Reached skill level 10 in Fighting
   221 | D        | Found Gustrih's Food Emporium.
   221 | D        | Found an ancient bone altar of Kikubaaqudgha.
   221 | D        | Found a stormy altar of Qazlal.
   221 | D        | Found a blossoming altar of Fedhas.
   221 | D        | Found a bloodstained altar of Trog.
   221 | D        | Found an iron altar of Okawaru.
   221 | D        | Found a glowing golden altar of the Shining One.
   221 | D        | Found a glowing silver altar of Zin.
   221 | D        | Found a white marble altar of Elyvilon.
   221 | D        | Noticed a yak
   222 | D        | Found a hazy altar of Hepliaklqana.
   222 | D        | Found a hide-covered altar of Uskayaw.
   222 | D        | Found a basalt altar of Yredelemnul.
   222 | D        | Found an opulent altar of Gozag.
   222 | D        | Found a snail-covered altar of Cheibriados.
   222 | D        | Found a sacrificial altar of Ru.
   222 | D        | Found a shadowy altar of Dithmenos.
   226 | D        | Killed a yak
   226 | D        | Reached skill level 11 in Fighting
   226 | D        | Reached XP level 7. HP: 68/88 MP: 7/7
   244 | D        | Found a sparkling altar of Nemelex Xobeh.
   253 | D        | Became a worshipper of Trog the Wrathful
   315 | D        | Found a burning altar of Makhleb.
   315 | D        | Found a viscous altar of Jiyva.
   315 | D        | Found a shimmering altar of Xom.
   315 | D        | Found a corrupted altar of Lugonu.
   315 | D        | Noticed a slime creature
   324 | D        | Killed a slime creature
   473 | D        | Noticed a centaur warrior
   475 | D        | Noticed a centaur warrior
   477 | D        | Noticed Sonja
   485 | D        | Killed a centaur warrior
   485 | D        | Reached skill level 13 in Fighting
   485 | D        | Reached skill level 10 in Dodging
   485 | D        | Reached XP level 8. HP: 50/102 MP: 8/8
   488 | D        | HP: 5/153 [centaur warrior (5)]
   489 | D        | Mangled by a centaur warrior

Skill      XL: |  1  2  3  4  5  6  7 |
---------------+----------------------+-----
Fighting       | 5 7 9 11 13 | 13.5
Throwing       | 5 6 |  6.7
Dodging        | 3 5 6 7 10 | 10.0
Maces & Flails | 6 8 11 | 11.7
Stealth        | |  0.6

Action                   |  1- 3 |  4- 6 |  7- 9 || total
-------------------------+-------+-------+-------++-------
Melee: Short sword       |     2 |       |       ||     2
       Giant club        |       |     7 |    14 ||    21
Throw: Large rock        |     7 |     5 |       ||    12
       Throwing net      |     3 |       |       ||     3
Evoke: Wand              |       |       |     1 ||     1
  Use: Potion            |       |       |     2 ||     2
Armor: Robe              |       |     1 |     1 ||     2
Dodge: Dodged            |     2 |     7 |    11 ||    20
